 Dungeon Crawl Stone Soup version 0.30.1-4-g462c640d31 (webtiles) character file.

Game seed: 17753301745797451441

30 Graphine the Ducker (level 3, 28/28 HPs)
             Began as a Merfolk Gladiator on Aug 18, 2023.
             Quit the game on level 1 of the Dungeon.
             The game lasted 00:02:06 (650 turns).

Graphine the Ducker (Merfolk Gladiator)              Turns: 650, Time: 00:02:07

Health: 28/28      AC:  4    Str: 14    XL:     3   Next: 18%
Magic:  3/3        EV: 13    Int:  7    God:
Gold:   92         SH:  0    Dex: 17    Spells: 2/2 levels left

rFire   . . .        a - +0 long sword
rCold   . . .        (no shield)
rNeg    . . .        b - +0 leather armour
rPois   .            c - +0 helmet
rElec   .            (no cloak)
rCorr   .            (no gloves)
SInv    .            (no boots)
Will    .....        (no amulet)
Stlth   +            (no ring)
HPRegen 0.24/turn    (no ring)
MPRegen 0.08/turn

%: no passive effects
@: no status effects
A: (nimble swimmer 2), mertail
a: no special abilities


You were on level 1 of the Dungeon.
You visited 1 branch of the dungeon, and saw 1 of its levels.

You collected 92 gold pieces.

Inventory:

Hand Weapons
 a - a +0 long sword (weapon)
Missiles
 d - 3 throwing nets
 e - a javelin
 j - 5 stones (quivered)
 l - 2 boomerangs
Armour
 b - a +0 leather armour (worn)
 c - a +0 helmet (worn)
Scrolls
 h - 2 scrolls of identify {unknown}
 i - a scroll of poison {unknown}
 m - a scroll of vulnerability {unknown}
Potions
 f - a potion of cancellation {unknown}
 g - a potion of heal wounds {unknown}
 k - a potion of mutation {unknown}


   Skills:
 + Level 2.8 Fighting
 - Level 3.6 Long Blades
 * Level 3.1 Throwing
 - Level 4.0 Dodging


You had 2 spell levels left.
You didn't know any spells.
Your spell library was empty.

Dungeon Overview and Level Annotations

Branches:
Dungeon (1/15)

Altars:


Innate Abilities, Weirdness & Mutations

((You are very nimble when in or above water. (Stealth+, EV+, Speed+++)))
Your lower body shifts to a powerful aquatic tail in water.


Message History

Found an escape hatch in the floor.
No target in view!
No target in view!
No target in view!
There is an open door here.
Done exploring.
No target in view!
Done exploring.
No target in view!
Done exploring.
No target in view!
Done exploring.
No target in view!
Done exploring.
No target in view!
Done exploring.
Done exploring.
There is an escape hatch in the floor here.
Okay, then.
Okay, then.
Unknown command.
Unknown command.
Unknown command.
Unknown command.
Unknown command.
Unknown command.
Unknown command.
Unknown command.
Unknown command.
Done exploring.
Done exploring.
Done exploring.
Done exploring.
Done exploring.
Done exploring.
Unknown command.
Unknown command.
Unknown command.
Are you sure you want to abandon this character and quit the game? (Confirm with "yes".)

############ ##..........##
######
############............####.....
........[##..............##......
.........##>.....................
≈≈≈≈≈≈≈#####≈≈≈≈≈≈≈≈≈....#.......
######≈#~♣~#≈#######≈....#..>....
<...8####8####8.@.>#≈....#.......
.....'.......+.....#≈...##.......
8...8##8#'#8##8...8#≈..###.......
##'######'######'###≈####........
#.##♣♣.....♣♣##.#~#≈##..........
8.#♣~.......~♣#.8♣♣≈#..##.......
~#.8#.........#8.#~#≈#.###...^...
##.##...~♣~...##.###≈#.# #.......
'..++...♣8♣...++..''...# ##......


There were no monsters in sight!

Vanquished Creatures
  A dart slug (D:1)
  3 bats (D:1)
  2 endoplasms (D:1)
  5 goblins (D:1)
  2 hobgoblins (D:1)
  4 jackals (D:1)
  A quokka (D:1)
  A ball python (D:1)
  A frilled lizard (D:1)
  A kobold (D:1)
  2 rats (D:1)
23 creatures vanquished.

Notes
Turn   | Place    | Note
-------+----------+-------------------------------------------
     0 | D:1      | Graphine the Merfolk Gladiator began the quest for the Orb.
     0 | D:1      | Reached XP level 1. HP: 16/16 MP: 1/1
    78 | D:1      | Reached XP level 2. HP: 9/23 MP: 2/2
   324 | D:1      | Reached XP level 3. HP: 23/28 MP: 3/3
   650 | D:1      | Quit the game

Illustrated notes

Levels and vault maps discovered:
D:1:      saegor_arrival_fortress, layout_rooms, minmay_octomino_e4

Skill      XL: |  1  2 |
---------------+-------+-----
Throwing       | 3 |  3.1
Fighting       | |  2.8
Long Blades    | |  3.6
Dodging        | |  4.0

Action                     || total
---------------------------++-------
  Melee: Long sword        ||    60
  Throw: Stone             ||     4
         Javelin           ||     2
 Armour: Leather armour    ||    14
  Dodge: Dodged            ||    61
